Dernière mise à jour: 2025-12-07 16:11:59
% Time on Ice - TEXAS TOROS
Lines # - Real PCT - Wanted PCT - Time Play
Normal Forward
1 - 32% - 36% - 15:53
2 - 29% - 31% - 14:29
3 - 28% - 23% - 13:52
4 - 12% - 10% - 5:51
Normal Defense
1 - 31% - 36% - 15:45
2 - 36% - 31% - 17:55
3 - 30% - 23% - 15:08
4 - 3% - 10% - 1:17
PP Forward
1 - 54% - 55% - 5:21
2 - 46% - 45% - 4:34
PP Defense
1 - 47% - 55% - 4:39
2 - 53% - 45% - 5:16
PK Forward
1 - 0% - 55%
2 - 0% - 45%
PK Defense
1 - 0% - 55%
2 - 0% - 45%
PK3 Forward
1 - 0% - 55%
2 - 0% - 45%
PK3 Defense
1 - 0% - 55%
2 - 0% - 45%
44 Forward
1 - 0% - 55%
2 - 0% - 45%
44 Defense
1 - 0% - 55%
2 - 0% - 45%
Last Minute Offensive  - 0:00
Last Minute Defensive  - 0:00
Total
Forward - 60:00
Defense - 60:00
% Time on Ice - LOS ANGELES SEALS
Lines # - Real PCT - Wanted PCT - Time Play
Normal Forward
1 - 32% - 36% - 15:54
2 - 30% - 31% - 14:59
3 - 23% - 23% - 11:35
4 - 15% - 10% - 7:37
Normal Defense
1 - 34% - 36% - 17:05
2 - 30% - 31% - 15:06
3 - 32% - 23% - 15:47
4 - 4% - 10% - 2:07
PP Forward
1 - 0% - 55%
2 - 0% - 45%
PP Defense
1 - 0% - 55%
2 - 0% - 45%
PK Forward
1 - 61% - 55% - 6:02
2 - 39% - 45% - 3:53
PK Defense
1 - 52% - 55% - 5:07
2 - 48% - 45% - 4:48
PK3 Forward
1 - 0% - 55%
2 - 0% - 45%
PK3 Defense
1 - 0% - 55%
2 - 0% - 45%
44 Forward
1 - 0% - 55%
2 - 0% - 45%
44 Defense
1 - 0% - 55%
2 - 0% - 45%
Last Minute Offensive  - 0:00
Last Minute Defensive  - 0:00
Total
Forward - 60:00
Defense - 60:00
Play-by-Play 1st period 0:01 of 1st period - Steven Stamkos wins face-off versus Vincent Trocheck in neutral zone. 0:27 of 1st period - Shot by Matthew Boldy. 0:27 of 1st period - Stopped by Adin Hill without a rebound. 0:28 of 1st period - Logan Cooley wins face-off versus Owen Tippett in TEXAS TOROS zone. 0:39 of 1st period - Shot by Tyson Foerster. 0:39 of 1st period - Shot Misses the Net. 0:49 of 1st period - Owen Power is hit by David Perron and loses puck. 1:23 of 1st period - Cutter Gauthier is hit by Trevor Zegras and loses puck. 1:47 of 1st period - Icing by Erik Johnson. 1:48 of 1st period - Ryan Poehling wins face-off versus Steven Stamkos in TEXAS TOROS zone. 2:28 of 1st period - Frank Vatrano is hit by Declan Chisholm and loses puck. 2:36 of 1st period - Off-side. 2:37 of 1st period - Vincent Trocheck wins face-off versus Liam O'Brien in neutral zone. 2:51 of 1st period - Shot by Troy Terry. 2:51 of 1st period - Shot Misses the Net. 2:53 of 1st period - Shot by Tyler Toffoli. 2:53 of 1st period - Shot Blocked by Daniel Sprong. 2:55 of 1st period - Shot by Dougie Hamilton. 2:55 of 1st period - Stopped by Jeremy Swayman without a rebound. 2:56 of 1st period - Colin Blackwell wins face-off versus Cutter Gauthier in LOS ANGELES SEALS zone. 3:31 of 1st period - Shot by Philip Broberg. 3:31 of 1st period - Stopped by Jeremy Swayman without a rebound. 3:32 of 1st period - Mason McTavish wins face-off versus Vincent Trocheck in LOS ANGELES SEALS zone. 3:32 of 1st period - Mason McTavish is hit by Vincent Trocheck. 3:50 of 1st period - Shot by Owen Tippett. 3:50 of 1st period - Shot Misses the Net. 3:52 of 1st period - Shot by Mason McTavish. 3:52 of 1st period - Shot Misses the Net. 4:08 of 1st period - Gustav Forsling is hit by Tyler Toffoli. 5:16 of 1st period - Ryan Poehling is hit by Frank Vatrano. 5:20 of 1st period - Shot by Will Smith. 5:20 of 1st period - Shot Misses the Net. 5:44 of 1st period - Shot by Will Smith. 5:44 of 1st period - Stopped by Jeremy Swayman with a rebound. 6:06 of 1st period - Shot by Daniel Sprong. 6:06 of 1st period - Stopped by Adin Hill with a rebound. 6:18 of 1st period - Shot by Dougie Hamilton. 6:18 of 1st period - Shot Misses the Net. 6:20 of 1st period - Shot by Mikhail Sergachev. 6:20 of 1st period - Shot Hit the Post. 6:22 of 1st period - Shot by Dougie Hamilton. 6:22 of 1st period - Stopped by Jeremy Swayman without a rebound. 6:23 of 1st period - Vincent Trocheck wins face-off versus Cutter Gauthier in LOS ANGELES SEALS zone. 7:22 of 1st period - Shot by Tyson Foerster. 7:22 of 1st period - Shot Misses the Net. 7:24 of 1st period - Shot by Tyson Foerster. 7:24 of 1st period - Stopped by Jeremy Swayman without a rebound. 7:25 of 1st period - Steven Stamkos wins face-off versus Will Smith in LOS ANGELES SEALS zone. 7:40 of 1st period - Shot by Ryan Poehling. 7:40 of 1st period - Shot Blocked by Frank Vatrano. 8:38 of 1st period - Shot by Tyler Toffoli. 8:38 of 1st period - Shot Misses the Net. 8:43 of 1st period - Off-side. 8:44 of 1st period - Mason McTavish wins face-off versus Logan Cooley in neutral zone. 9:20 of 1st period - Shot by Logan Cooley. 9:20 of 1st period - Shot Blocked by Noah Dobson. 10:23 of 1st period - Tyler Toffoli is hit by Connor Carrick. 11:10 of 1st period - Icing by Noah Dobson. 11:11 of 1st period - Ryan Poehling wins face-off versus Cutter Gauthier in LOS ANGELES SEALS zone. 11:37 of 1st period - Icing by Owen Power. 11:38 of 1st period - Mason McTavish wins face-off versus Ryan Poehling in TEXAS TOROS zone. 11:44 of 1st period - Icing by Ryan Poehling. 11:45 of 1st period - Mason McTavish wins face-off versus Ryan Poehling in TEXAS TOROS zone. 11:53 of 1st period - Ryan Poehling is hit by Ben Hutton and loses puck. 11:57 of 1st period - Ryan Poehling is hit by Ben Hutton. 12:35 of 1st period - Minor Penalty to Ben Hutton for Holding. 12:36 of 1st period - Logan Cooley wins face-off versus Matthew Boldy in LOS ANGELES SEALS zone. 12:37 of 1st period - Shot by Mikhail Sergachev. 12:37 of 1st period - Shot Misses the Net. 12:45 of 1st period - Shot by Logan Cooley. 12:45 of 1st period - Deflect By Trevor Zegras. 12:45 of 1st period - Shot Blocked by Gustav Forsling. 13:35 of 1st period - Shot by Owen Power. 13:35 of 1st period - Stopped by Jeremy Swayman with a rebound. 13:37 of 1st period - Shot by Philip Broberg. 13:37 of 1st period - Shot Blocked by Noah Dobson. 13:45 of 1st period - Shot by Troy Terry. 13:45 of 1st period - Stopped by Jeremy Swayman with a rebound. 13:47 of 1st period - Shot by Vincent Trocheck. 13:47 of 1st period - Stopped by Jeremy Swayman without a rebound. 13:48 of 1st period - Vincent Trocheck wins face-off versus Matthew Boldy in LOS ANGELES SEALS zone. 13:49 of 1st period - Shot by Troy Terry. 13:49 of 1st period - Shot Misses the Net. 14:20 of 1st period - Icing by Philip Broberg. 14:21 of 1st period - Vincent Trocheck wins face-off versus Frank Vatrano in TEXAS TOROS zone. 15:15 of 1st period - Shot by Tyson Foerster. 15:15 of 1st period - Stopped by Jeremy Swayman with a rebound. 15:35 of 1st period - Shot by Mikhail Sergachev. 15:35 of 1st period - Shot Blocked by Ben Hutton. 15:37 of 1st period - Shot by Colin Blackwell. 15:37 of 1st period - Stopped by Jeremy Swayman with a rebound. 16:15 of 1st period - Icing by Frank Vatrano. 16:16 of 1st period - Steven Stamkos wins face-off versus Vincent Trocheck in LOS ANGELES SEALS zone. 16:38 of 1st period - Shot by Matthew Boldy. 16:38 of 1st period - Shot Misses the Net. 16:40 of 1st period - Shot by Frank Vatrano. 16:40 of 1st period - Stopped by Adin Hill without a rebound. 16:41 of 1st period - Mason McTavish wins face-off versus Trevor Zegras in TEXAS TOROS zone. 17:06 of 1st period - Shot by Owen Tippett. 17:06 of 1st period - Stopped by Adin Hill without a rebound. 17:07 of 1st period - Vincent Trocheck wins face-off versus Steven Stamkos in TEXAS TOROS zone. 17:18 of 1st period - Matthew Boldy is hit by Dougie Hamilton and loses puck. 17:25 of 1st period - Shot by Matthew Boldy. 17:25 of 1st period - Shot Misses the Net. 17:29 of 1st period - Shot by Matthew Boldy. 17:29 of 1st period - Shot Misses the Net. 17:31 of 1st period - Shot by Gustav Forsling. 17:31 of 1st period - Shot Misses the Net. 17:34 of 1st period - Frank Vatrano is hit by Dougie Hamilton. 18:27 of 1st period - Shot by Tyson Foerster. 18:27 of 1st period - Shot Misses the Net. 18:29 of 1st period - Shot by Logan Cooley. 18:29 of 1st period - Deflect By Tyson Foerster. 18:29 of 1st period - Stopped by Jeremy Swayman without a rebound. 18:30 of 1st period - Ryan Poehling wins face-off versus Liam O'Brien in LOS ANGELES SEALS zone. 18:30 of 1st period - Ryan Poehling is hit by Ben Hutton. 18:34 of 1st period - Shot by Kevin Hayes. 18:34 of 1st period - Shot Blocked by Daniel Sprong. 18:38 of 1st period - Shot by Ryan Poehling. 18:38 of 1st period - Shot Misses the Net. 18:40 of 1st period - Shot by Will Smith. 18:40 of 1st period - Shot Misses the Net. 18:55 of 1st period - Shot by Ryan Poehling. 18:55 of 1st period - Shot Blocked by Alexander Alexeyev. 18:57 of 1st period - Shot by Kevin Hayes. 18:57 of 1st period - Shot Misses the Net. 18:59 of 1st period - Shot by Will Smith. 18:59 of 1st period - Shot Misses the Net. 19:01 of 1st period - Shot by Ryan Poehling. 19:01 of 1st period - Shot Misses the Net. 19:07 of 1st period - Shot by Ryan Poehling. 19:07 of 1st period - Shot Misses the Net. 19:09 of 1st period - Shot by Ryan Poehling. 19:09 of 1st period - Shot Misses the Net. 19:27 of 1st period - Owen Power is hit by Frank Vatrano and loses puck. 19:58 of 1st period - Shot by Trevor Zegras. 19:58 of 1st period - Goal by Trevor Zegras - TEXAS TOROS : 1 - LOS ANGELES SEALS : 0. 19:59 of 1st period - Vincent Trocheck wins face-off versus Mason McTavish in neutral zone. Goals for this period are 1 for TEXAS TOROS vs 0 for LOS ANGELES SEALS. Shots for this period are 12 for TEXAS TOROS vs 4 for LOS ANGELES SEALS. 2nd period 0:01 of 2nd period - Steven Stamkos wins face-off versus Vincent Trocheck in neutral zone. 0:15 of 2nd period - Shot by Vincent Trocheck. 0:15 of 2nd period - Stopped by Jeremy Swayman without a rebound. 0:15 of 2nd period - Minor Penalty to Erik Gudbranson for Roughing. 0:16 of 2nd period - Matthew Boldy wins face-off versus Logan Cooley in LOS ANGELES SEALS zone. 0:37 of 2nd period - Shot by Matthew Boldy. 0:37 of 2nd period - Stopped by Adin Hill without a rebound. 0:38 of 2nd period - Vincent Trocheck wins face-off versus Frank Vatrano in TEXAS TOROS zone. 1:04 of 2nd period - Shot by Steven Stamkos. 1:04 of 2nd period - Shot Misses the Net. 1:16 of 2nd period - Shot by Troy Terry. 1:16 of 2nd period - Shot Misses the Net. 1:18 of 2nd period - Shot by Mikhail Sergachev. 1:18 of 2nd period - Shot Misses the Net. 1:24 of 2nd period - Shot by Vincent Trocheck. 1:24 of 2nd period - Stopped by Jeremy Swayman with a rebound. 1:26 of 2nd period - Shot by Mikhail Sergachev. 1:26 of 2nd period - Shot Misses the Net. 1:39 of 2nd period - Off-side. 1:40 of 2nd period - Trevor Zegras wins face-off versus Frank Vatrano in neutral zone. 2:26 of 2nd period - Shot by Kevin Hayes. 2:26 of 2nd period - Shot Blocked by Erik Gudbranson. 2:28 of 2nd period - Shot by Ryan Poehling. 2:28 of 2nd period - Deflect By Kevin Hayes. 2:28 of 2nd period - Stopped by Jeremy Swayman without a rebound. 2:29 of 2nd period - Liam O'Brien wins face-off versus Colin Blackwell in LOS ANGELES SEALS zone. 2:33 of 2nd period - Noah Dobson is hit by Dougie Hamilton. 2:43 of 2nd period - Gustav Forsling is hit by Miles Wood and loses puck. 4:05 of 2nd period - Shot by Troy Terry. 4:05 of 2nd period - Shot Misses the Net. 4:46 of 2nd period - Icing by Declan Chisholm. 4:47 of 2nd period - Logan Cooley wins face-off versus Cutter Gauthier in TEXAS TOROS zone. 4:54 of 2nd period - Shot by Trevor Zegras. 4:54 of 2nd period - Stopped by Jeremy Swayman without a rebound. 4: